 Dungeon Crawl Stone Soup version 0.30-a0-802-gb92711bcdf (webtiles) character file.

Game seed: 4741980063688951604

1072 cforsyth the Covert (level 8, -2/45 HPs)
             Began as a Kobold Brigand on Feb 25, 2023.
             Was a Follower of Hepliaklqana.
             Slain by a yak (11 damage)
             ... on level 5 of the Dungeon.
             The game lasted 00:09:40 (5560 turns).

cforsyth the Covert (Kobold Brigand)                Turns: 5560, Time: 00:09:41

Health: -2/45      AC:  3    Str:  8    XL:     8   Next: 53%
Magic:  8/8        EV: 25    Int: 12    God:    Hepliaklqana [*.....]
Gold:   250        SH:  0    Dex: 19    Spells: 7/7 levels left

rFire   . . .      SeeInvis .    a - +3 dagger (freeze)
rCold   . . .      Faith    .    (no shield)
rNeg    . . .      Spirit   .    b - +0 robe
rPois   .          Reflect  .    (no helmet)
rElec   .          Harm     .    c - +0 cloak
rCorr   .          Rampage  .    (no gloves)
Will    +....                    (no boots)
Stlth   +++++                    w - amulet of the acrobat
HPRegen 0.27/turn                f - ring of willpower
MPRegen 0.11/turn                r - +5 ring of evasion

@: studying Dodging
A: reduced essence, small, no large weapons, nightstalker 3
a: Renounce Religion, Recall Ancestor, Ancestor Identity


You were on level 5 of the Dungeon.
You worshipped Hepliaklqana.
Hepliaklqana was aware of your devotion.
You visited 2 branches of the dungeon, and saw 7 of its levels.
You also visited: Sewer.

You collected 250 gold pieces.

Inventory:

Hand Weapons
 a - a +3 dagger of freezing (weapon)
Missiles
 d - 12 poisoned darts (quivered)
 e - 3 curare-tipped darts
 g - a throwing net
Armour
 b - a +0 robe (worn)
 c - a +0 cloak (worn)
Jewellery
 f - a ring of willpower (left hand)
 r - a +5 ring of evasion (right hand)
 w - an amulet of the acrobat (around neck)
Wands
 p - a wand of mindburst (7)
 A - a wand of iceblast (10)
Scrolls
 j - a scroll of noise {unknown}
 k - a scroll of magic mapping {unknown}
 l - 3 scrolls of identify
 m - 3 scrolls of immolation
 n - 2 scrolls of fog {unknown}
 v - a scroll of vulnerability {unknown}
 x - a scroll of silence {unknown}
 y - a scroll of teleportation
 C - a scroll of fear {unknown}
 E - a scroll of enchant weapon
Potions
 h - a potion of attraction
 i - 2 potions of curing
 o - a potion of cancellation
 q - a potion of experience
 s - a potion of mutation
 t - 5 potions of flight
 u - a potion of heal wounds
 z - a potion of magic
 B - 2 potions of haste {unknown}
 D - a potion of brilliance


   Skills:
 + Level 5.5 Fighting
 + Level 6.6 Short Blades
 - Level 2.1 Throwing
 + Level 7.9 Dodging
 + Level 8.6 Stealth


You had 7 spell levels left.
You didn't know any spells.
Your spell library contained the following spells:

 Spells                   Type           Power      Damage    Failure   Level
 Magic Dart               Conj           0%         1d3       32%         1
 Summon Small Mammal      Summ           0%         N/A       32%         1
 Call Imp                 Summ           0%         N/A       45%         2
 Ensorcelled Hibernation  Hex/Ice        0%         N/A       45%         2
 Searing Ray              Conj           0%         2d4       45%         2
 Call Canine Familiar     Summ           0%         N/A       69%         3
 Mephitic Cloud           Conj/Pois/Air  0%         N/A       69%         3
 Spider Form              Tmut/Pois      0%         N/A       69%         3
 Summon Guardian Golem    Hex/Summ       0%         N/A       69%         3
 Anguish                  Hex/Necr       0%         N/A       97%         4
 Fulminant Prism          Conj/Hex       0%         3d5       97%         4


Dungeon Overview and Level Annotations

Branches:
Dungeon (6/15)             Temple (1/1) D:4           Sewer (visited)

Altars:
Cheibriados
Dithmenos
Fedhas
Gozag
Hepliaklqana
Kikubaaqudgha
Qazlal
Ru

Annotations:
D:4 Dowan, Duvessa


Innate Abilities, Weirdness & Mutations

Your life essence is reduced to manifest your ancestor. (-10% HP)
You are small and have problems with some larger weapons.
You are completely attuned to the shadows.


Message History

The yak attacks as you move away! The yak gores you.
Okay, then.
The yak attacks as you move away! The yak gores you!
Sosibius emerges from the mists of memory!
You hit the yak. You freeze the yak.
The yak is lightly wounded.
The yak completely misses you.
You closely miss the yak.
The yak is lightly wounded.
Sosibius hits the yak.
You barely miss the yak.
The yak is moderately wounded.
The yak gores you!
* * * LOW HITPOINT WARNING * * *
Sosibius barely misses the yak.
You hit the yak. You freeze the yak.
The yak is heavily wounded.
The yak completely misses you.
Unknown command.
You hit the yak but do no damage.
The yak is heavily wounded.
Sosibius barely misses the yak.
Unknown command.
You hit the yak. You freeze the yak.
The yak is heavily wounded.
The yak misses you.
Sosibius hits the yak but does no damage.
You barely miss the yak.
The yak is heavily wounded.
The yak completely misses you.
You hit the yak. You freeze the yak.
The yak is heavily wounded.
Sosibius hits the yak.
You hit the yak but do no damage.
The yak is severely wounded.
The yak completely misses you.
Sosibius closely misses the yak.
You hit the yak but do no damage.
The yak is severely wounded.
The yak gores you!
You die...

#.......#####...........#
#.##....# #..##.#######
####....# #.....#
.....>..# ##.#..#######
#####...# #.#..#.....#
#...# #....#.###.# #...#
#....#.# #.# #...#
####.####.# #.# #...#
#...RY@...# #.# #...#
#.#.....#####.#
#...###.#.....###...#
#####...........#.###
#.#.........#.#
###.########..#.# ###
#..........R..#.# ##.#
#.#.######.#.##.# ...#
#.#.## #...#....#


You could see the friendly Sosibius the ancestor and a yak (ally target).

Vanquished Creatures
  Grinder (D:3)
  Menkaure (D:5)
  A water moccasin (D:5)
  An ogre (D:4)
  A phantom (D:5)
  2 hounds
  A jelly (D:5)
  An iguana (D:5)
  2 orc wizards (D:4)
  10 adders
  6 river rats
  A white imp (D:5)
  An ufetubus (D:4)
  A dart slug (D:5)
  8 orcs
  12 bats
  7 endoplasms
  4 giant cockroaches
  7 goblins
  7 hobgoblins
  3 jackals (Sewer)
  2 kobolds
  8 quokkas
  15 ball pythons
  7 frilled lizards
  3 rats
  A spectral kobold (D:1)
114 creatures vanquished.

Vanquished Creatures (collateral kills)
  An ogre (D:5)
1 creature vanquished.

Vanquished Creatures (others)
  An ancestor (D:6)
1 creature vanquished.

Grand Total: 116 creatures vanquished

Notes
Turn   | Place    | Note
-------+----------+-------------------------------------------
     0 | D:1      | cforsyth the Kobold Brigand began the quest for the Orb.
     0 | D:1      | Reached XP level 1. HP: 12/12 MP: 1/1
   177 | D:1      | Reached XP level 2. HP: 18/18 MP: 2/2
   423 | D:1      | Reached XP level 3. HP: 8/22 MP: 3/3
   510 | D:1      | Found a faded altar of an unknown god.
  1874 | D:3      | Identified a scroll of acquirement
  1874 | D:3      | Acquired a manual of Dodging
  1885 | D:3      | Reached XP level 4. HP: 25/27 MP: 4/4
  1907 | D:3      | Noticed Grinder
  2104 | D:3      | Paralysed by Grinder for 4 turns
  2136 | D:3      | Killed Grinder
  2137 | D:3      | Reached skill level 6 in Stealth
  2137 | D:3      | Reached XP level 5. HP: 12/33 MP: 5/5
  2137 | D:3      | Reached XP level 6. HP: 14/38 MP: 6/6
  2231 | D:3      | Found a glowing drain.
  2242 | Sewer    | Entered a sewer
  2697 | Sewer    | Reached skill level 5 in Dodging
  2771 | Sewer    | Reached skill level 7 in Stealth
  3546 | D:3      | Found a shadowy altar of Dithmenos.
  3687 | D:3      | Reached skill level 5 in Short Blades
  3720 | D:4      | Reached XP level 7. HP: 32/43 MP: 7/7
  3766 | D:4      | Noticed Duvessa
  3766 | D:4      | Noticed Dowan
  3826 | D:4      | Found a staircase to the Ecumenical Temple.
  3833 | Temple   | Entered the Ecumenical Temple
  3886 | Temple   | Became a worshipper of Hepliaklqana the Forgotten
  4506 | D:5      | Entered Level 5 of the Dungeon
  4593 | D:5      | Reached * piety under Hepliaklqana
  4651 | D:5      | Noticed Menkaure
  4661 | D:5      | Killed Menkaure
  4662 | D:5      | Reached skill level 5 in Fighting
  4662 | D:5      | Reached skill level 8 in Stealth
  4662 | D:5      | Reached XP level 8. HP: 44/44 MP: 8/8
  4908 | D:5      | Found a snail-covered altar of Cheibriados.
  5487 | D:6      | Noticed a yak
  5489 | D:6      | Noticed a yak
  5489 | D:6      | Noticed a yak
  5489 | D:6      | Noticed a yak
  5489 | D:6      | Noticed a yak
  5490 | D:6      | Noticed a yak
  5560 | D:5      | Slain by a yak

Illustrated notes

Levels and vault maps discovered:
D:1:      nicolae_arrival_somewhat_less_tricky_arrival, layout_loops_ring,
          dreamdust_ecumenical_altar_drowned_temple, chequers_avenue
D:2:      layout_basic
D:3:      layout_basic, mainiacjoe_overflow_six_doors_small,
          cheibrodos_sewer_entry_sluice, uniq_grinder
D:4:      layout_rooms, minmay_temple_entry_crystal_x, dk_noncrumbling_2,
          hangedman_decor_clover_reticule, due_unseen_surprise, uniq_duvessa
D:5:      layout_basic, mainiacjoe_overflow_paths, uniq_menkaure
D:6:      layout_cave_pools, lemuel_mausoleum_altar_yredelemnul,
          lemuel_tele_altar, mainiacjoe_overflow_surrounded_room,
          nicolae_overflow_hidden_temple, uniq_blork_the_orc,
          uniq_crazy_yiuf_cottage, uniq_edmund
Temple:   jpeg_temple_clearing

Skill      XL: |  1  2  3  4  5  6  7  8 |
---------------+-------------------------+-----
Short Blades   | 3 4 5 6 |  6.6
Dodging        | 2 4 5 6 7 |  7.9
Fighting       | 3 4 5 |  5.5
Stealth        | 6 7 8 |  8.6
Throwing       | |  2.1

Action                     |  1- 3 |  4- 6 |  7- 9 || total
---------------------------+-------+-------+-------++-------
  Melee: Dagger            |    51 |   157 |    88 ||   296
         Punch             |       |     1 |     1 ||     2
    Use: Scroll            |     2 |     4 |     5 ||    11
         Potion            |       |     4 |       ||     4
   Stab: Sleeping          |    26 |    15 |    17 ||    58
         Distracted        |       |       |     1 ||     1
 Armour: Robe              |     5 |    19 |     1 ||    25
  Dodge: Dodged            |    12 |   152 |    60 ||   224

Table legend: (Time is in decaauts)
 A = Elapsed time spent in this place.
 B = Non-inter-level travel time spent in this place.
 C = Inter-level travel time spent in this place.
 D = Time resting spent in this place.
 E = Time spent auto-exploring this place.
 F = Levels seen in this place.
 G = Mean time per level.
                   A        B        C        D        E       F      G
               +--------+--------+--------+--------+--------+-----+--------+
         Total |   5700 |   5535 |    165 |    155 |   4277 |   8 |  712.5 |
       Dungeon |   4534 |   4380 |    154 |    155 |   3489 |   6 |  755.7 |
        Temple |     64 |     53 |     11 |      0 |     33 |   1 |   64.0 |
         Sewer |   1102 |   1102 |      0 |      0 |    755 |   1 | 1102.0 |
               +--------+--------+--------+--------+--------+-----+--------+

Top non-repeatable levels by time:
     D:2: 1139 daAuts
   Sewer: 1102 daAuts
     D:5: 970 daAuts
     D:1: 910 daAuts
     D:3: 764 daAuts
     D:4: 684 daAuts
     D:6: 65 daAuts
  Temple: 64 daAuts
